 Dungeon Crawl Stone Soup version 0.28-a0-1128-gb845255321 (webtiles) character file.

Game seed: 5591142203677352169

312 Gargoyl the Skirmisher (level 6, -14/53 HPs)
             Began as a Gnoll Abyssal Knight on Dec 12, 2021.
             Was a Believer of Lugonu.
             Demolished by Menkaure (16 damage)
             ... on level 3 of the Dungeon.
             The game lasted 00:04:28 (3246 turns).

Gargoyl the Skirmisher (Gnoll Abyssal Knight)       Turns: 3246, Time: 00:04:29

Health: -14/53     AC: 13    Str: 15    XL:     6   Next: 42%
Magic:  9/9        EV:  7    Int:  9    God:    Lugonu [**....]
Gold:   145        SH:  4    Dex: 12    Spells: 9/9 levels left

rFire   . . .      SeeInvis .   a - +2 hand axe (flame)
rCold   . . .      Faith    .   j - +0 buckler
rNeg    . . .      Spirit   .   c - +1 chain mail {rPois}
rPois   +          Reflect  .   (no helmet)
rElec   .          Harm     .   n - +0 cloak
rCorr   .          Rampage  .   f - +0 pair of gloves
Will    .....                   (no boots)
Stlth   ..........              (no amulet)
HPRegen 0.17/turn               (no ring)
MPRegen 0.11/turn               (no ring)

@: no status effects
A: fangs 1, strong nose, distributed training
a: Renounce Religion, Depart the Abyss, Bend Space


You were on level 3 of the Dungeon.
You worshipped Lugonu.
Lugonu was pleased with you.
You visited 1 branch of the dungeon, and saw 4 of its levels.
You visited the Abyss 1 time.

You collected 145 gold pieces.

Inventory:

Hand Weapons
 a - a +2 hand axe of flaming (weapon)
Armour
 c - a +1 chain mail of poison resistance (worn)
 f - a +0 pair of gloves (worn)
 j - a +0 buckler (worn)
 n - a +0 cloak (worn)
Wands
 b - a wand of flame (23)
Scrolls
 e - 2 scrolls of teleportation
 k - 2 scrolls of identify
 m - a scroll of fear {unknown}
Potions
 d - a potion of magic {unknown}
 g - a potion of haste {unknown}
 h - 2 potions of lignification {unknown}
 i - a potion of heal wounds {unknown}
 l - 2 potions of might {unknown}


   Skills:
 + Level 6.8 Fighting
 + Level 2.0 Short Blades
 + Level 2.0 Long Blades
 + Level 5.0 Axes
 + Level 2.0 Maces & Flails
 + Level 2.0 Polearms
 + Level 2.0 Staves
 + Level 2.0 Slings
 + Level 2.0 Bows
 + Level 2.0 Crossbows
 + Level 2.0 Throwing
 + Level 5.0 Armour
 + Level 3.2 Dodging
 + Level 2.0 Stealth
 + Level 2.0 Shields
 + Level 2.0 Unarmed Combat
 + Level 2.0 Spellcasting
 + Level 1.5 Conjurations
 + Level 1.5 Hexes
 + Level 1.5 Summonings
 + Level 1.5 Necromancy
 + Level 1.5 Translocations
 + Level 1.5 Transmutations
 + Level 1.5 Fire Magic
 + Level 1.5 Ice Magic
 + Level 1.5 Air Magic
 + Level 1.5 Earth Magic
 + Level 1.5 Poison Magic
 + Level 5.1 Invocations
 + Level 2.0 Evocations


You had 9 spell levels left.
You didn't know any spells.
Your spell library contained the following spells:

 Spells                   Type           Power      Damage    Failure   Level
 Sandblast                Erth           6%         2d5       99%         1
 Passwall                 Tmut/Erth      2%         N/A       99%         2
 Stone Arrow              Conj/Erth      6%         3d7       100%        3


Dungeon Overview and Level Annotations

Branches:
Dungeon (4/15)
 Temple: D:4-7

Altars:
Trog

Shops:
D:2 =

Annotations:
D:3 Menkaure


Innate Abilities, Weirdness & Mutations

You have very sharp teeth.
Your uncanny sense of smell can sniff out nearby items.
Your experience applies equally to all skills.


Message History

Your Long Blades skill increases to level 2!
Your Maces & Flails skill increases to level 2!
Your Polearms skill increases to level 2!
Your Staves skill increases to level 2!
Your Slings skill increases to level 2!
Your Bows skill increases to level 2!
Your Crossbows skill increases to level 2!
Your Throwing skill increases to level 2!
Your Stealth skill increases to level 2!
Your Shields skill increases to level 2!
Your Unarmed Combat skill increases to level 2!
Your Spellcasting skill increases to level 2!
Your Evocations skill increases to level 2!
Menkaure hits you.
You climb upwards.
There is a stone staircase leading down here.
Unknown command.
Menkaure gestures at you while chanting.
You barely resist.
Okay, then.
Aiming: Throw Flame
Press: ? - help, Shift-Dir - straight line, f - Menkaure
Aim: Menkaure (fast, 86% to hit)
The puff of flame misses Menkaure.
Menkaure calls on the powers of darkness!
Your body is wracked with pain!
* * * LOW HITPOINT WARNING * * *
Aiming: Throw Flame
Press: ? - help, Shift-Dir - straight line, f/p - Menkaure
Aim: Menkaure (fast, 86% to hit)
The puff of flame hits Menkaure.
Menkaure is lightly damaged.
Menkaure hits you!
* * * LOW HITPOINT WARNING * * *
Aiming: Throw Flame
Press: ? - help, Shift-Dir - straight line, f/p - Menkaure
Aim: Menkaure (lightly damaged, fast, 86% to hit)
The puff of flame hits Menkaure!
Menkaure is burned terribly!
Menkaure is moderately damaged.
Menkaure hits you!
You die...

############ #..........# ##
#..........##### #. ###
#..............# #. #.#
#..............# #. #.#
#..............# #.
#.#####[[)@......#########.
####.#.......M......'.......#.
#.......##..........#######.#(
####.#.....##+#############.##
#.#.###.##.#######.....#..#
#...............##.....##.#
#######.#.###....####.##.....##.#
....................#.##.....##..
#########.###....####.##.†.(.###.


You could see Menkaure (fast).

Vanquished Creatures
  A scorpion (D:3)
  A jelly (D:4)
  A hound (D:4)
  Jessica (D:2)
  An orc wizard (D:3)
  6 adders
  An adder zombie (D:2)
  2 adder skeletons (D:2)
  4 worms
  3 orcs (D:3)
  2 bat skeletons (D:2)
  A bat zombie (D:2)
  4 endoplasms
  3 giant cockroaches (D:3)
  5 goblins
  7 hobgoblins
  4 kobolds
  7 quokkas
  4 ball pythons
  2 ball python skeletons (D:2)
  2 ball python zombies (D:2)
  5 bats
  6 frilled lizards
  A jackal zombie (D:2)
  2 quokka skeletons (D:2)
  2 quokka zombies (D:2)
  5 rats
83 creatures vanquished.

Vanquished Creatures (others)
  A plant (D:1)
  4 withered plants (D:2)
5 creatures vanquished.

Grand Total: 88 creatures vanquished

Notes
Turn   | Place    | Note
-------+----------+-------------------------------------------
     0 | Abyss:1  | Gargoyl the Gnoll Abyssal Knight began the quest for the
                  | Orb.
     0 | Abyss:1  | Reached XP level 1. HP: 23/23 MP: 3/3
    42 | Abyss:1  | Noticed a small abomination
    42 | Abyss:1  | Noticed a worldbinder
    50 | Abyss:1  | Noticed a smoke demon
    53 | D:1      | Escaped the Abyss
   240 | D:1      | You fall into a shaft and drop 1 floor!
   255 | D:2      | Reached XP level 2. HP: 13/29 MP: 5/5
   256 | D:2      | Found a bloodstained altar of Trog.
   459 | D:2      | Noticed Jessica
   466 | D:2      | Killed Jessica
   467 | D:2      | Reached XP level 3. HP: 30/35 MP: 6/6
   566 | D:2      | Reached * piety under Lugonu
   603 | D:2      | Reached skill level 1 in Short Blades
   603 | D:2      | Reached skill level 1 in Long Blades
   603 | D:2      | Reached skill level 1 in Maces & Flails
   603 | D:2      | Reached skill level 1 in Polearms
   603 | D:2      | Reached skill level 1 in Staves
   603 | D:2      | Reached skill level 1 in Slings
   603 | D:2      | Reached skill level 1 in Bows
   603 | D:2      | Reached skill level 1 in Crossbows
   603 | D:2      | Reached skill level 1 in Throwing
   603 | D:2      | Reached skill level 1 in Stealth
   603 | D:2      | Reached skill level 1 in Shields
   603 | D:2      | Reached skill level 1 in Unarmed Combat
   603 | D:2      | Reached skill level 1 in Spellcasting
   603 | D:2      | Reached skill level 1 in Evocations
   655 | D:2      | Reached XP level 4. HP: 38/41 MP: 7/7
   759 | D:2      | Found Hafryd's Jewellery Shop.
   924 | D:2      | Reached skill level 1 in Conjurations
   924 | D:2      | Reached skill level 1 in Hexes
   924 | D:2      | Reached skill level 1 in Summonings
   924 | D:2      | Reached skill level 1 in Necromancy
   924 | D:2      | Reached skill level 1 in Translocations
   924 | D:2      | Reached skill level 1 in Transmutations
   924 | D:2      | Reached skill level 1 in Fire Magic
   924 | D:2      | Reached skill level 1 in Ice Magic
   924 | D:2      | Reached skill level 1 in Air Magic
   924 | D:2      | Reached skill level 1 in Earth Magic
   924 | D:2      | Reached skill level 1 in Poison Magic
  1072 | D:1      | Found a faded altar of an unknown god.
  1219 | D:1      | Reached ** piety under Lugonu
  1436 | D:1      | Reached XP level 5. HP: 47/47 MP: 8/8
  2533 | D:3      | Reached skill level 5 in Invocations
  2546 | D:3      | Reached XP level 6. HP: 53/53 MP: 9/9
  2955 | D:4      | Reached skill level 5 in Axes
  2955 | D:4      | Reached skill level 5 in Armour
  2965 | D:4      | Noticed Menkaure
  3245 | D:3      | HP: 2/53 [Menkaure (10)]
  3246 | D:3      | Demolished by Menkaure

Illustrated notes

Levels and vault maps discovered:
D:1:      amcnicky_arrival_single_pillar, layout_basic,
          shapermc_ecumenical_altar_ellora
D:2:      layout_loops_ring, serial_undead, serial_undead_b, serial_undead_e,
          serial_undead_a, serial_undead_e, serial_undead_a, serial_undead_f,
          serial_undead_e, serial_undead_d, serial_undead_d, serial_undead_c,
          basic_altar, serial_shops, shop, uniq_jessica
D:3:      layout_basic
D:4:      layout_rooms, kennysheep_cross_room, uniq_menkaure, uniq_ijyb

Skill      XL: |  1  2  3  4  5  6 |
---------------+-------------------+-----
Short Blades   | 1 2 |  2.0
Long Blades    | 1 2 |  2.0
Maces & Flails | 1 2 |  2.0
Polearms       | 1 2 |  2.0
Staves         | 1 2 |  2.0
Slings         | 1 2 |  2.0
Bows           | 1 2 |  2.0
Crossbows      | 1 2 |  2.0
Throwing       | 1 2 |  2.0
Stealth        | 1 2 |  2.0
Shields        | 1 2 |  2.0
Unarmed Combat | 1 2 |  2.0
Spellcasting   | 1 2 |  2.0
Evocations     | 1 2 |  2.0
Conjurations   | 1 |  1.5
Hexes          | 1 |  1.5
Summonings     | 1 |  1.5
Necromancy     | 1 |  1.5
Translocations | 1 |  1.5
Transmutations | 1 |  1.5
Fire Magic     | 1 |  1.5
Ice Magic      | 1 |  1.5
Air Magic      | 1 |  1.5
Earth Magic    | 1 |  1.5
Poison Magic   | 1 |  1.5
Dodging        | 3 |  3.2
Invocations    | 5 |  5.1
Axes           | 5 |  5.0
Armour         | 5 |  5.0
Fighting       | |  6.8

Action                   |  1- 3 |  4- 6 || total
-------------------------+-------+-------++-------
Melee: Hand axe          |    68 |   157 ||   225
       Bite              |     4 |     9 ||    13
Invok: Depart the Abyss  |     1 |       ||     1
Evoke: Wand              |       |     3 ||     3
  Use: Scroll            |     2 |     3 ||     5
Armor: Chain mail        |    45 |   101 ||   146
Dodge: Dodged            |    42 |    49 ||    91
Block: Buckler           |       |    12 ||    12

Table legend: (Time is in decaauts)
 A = Elapsed time spent in this place.
 B = Non-inter-level travel time spent in this place.
 C = Inter-level travel time spent in this place.
 D = Time resting spent in this place.
 E = Time spent auto-exploring this place.
 F = Levels seen in this place.
 G = Mean time per level.
                   A        B        C        D        E       F      G
               +--------+--------+--------+--------+--------+-----+--------+
         Total |   3268 |   3165 |    103 |    315 |   2140 |   5 |  653.6 |
       Dungeon |   3215 |   3112 |    103 |    315 |   2104 |   4 |  803.8 |
         Abyss |     53 |     53 |      0 |      0 |     36 |   1 |   53.0 |
               +--------+--------+--------+--------+--------+-----+--------+

Top non-repeatable levels by time:
     D:3: 1058 daAuts
     D:2: 1057 daAuts
     D:1: 1055 daAuts
 Abyss:1: 53 daAuts
     D:4: 44 daAuts
